 Dungeon Crawl Stone Soup version 0.26-a0-1213-gd52f5182fe (webtiles) character file.

Game seed: 3567068293120567706

14353 Kaver the Geomancer (level 12, -8/71 HPs)
             Began as a Gargoyle Earth Elementalist on Dec 30, 2020.
             Was an Elder of Vehumet.
             Mangled by Rupert
             ... wielding a +2 great sword of holy wrath
              (36 damage)
             ... on level 12 of the Dungeon.
             The game lasted 00:36:29 (12741 turns).

Kaver the Geomancer (Gargoyle Earth Elementalist)  Turns: 12741, Time: 00:36:30

Health: -8/71      AC: 19    Str: 12    XL:     12   Next: 15%
Magic:  12/23      EV: 15    Int: 21    God:    Vehumet [****..]
Gold:   1793       SH:  0    Dex: 16    Spells: 14/26 levels left

rFire    . . .     SeeInvis .   e - +3 flail (elec)
rCold    + . .     Faith    .   (no shield)
rNeg     + . .     Spirit   .   c - +0 robe
rPois    ∞         Reflect  .   (no helmet)
rElec    +         Harm     .   H - +2 cloak
rCorr    .         Rampage  .   D - +1 pair of gloves of the Blessed Realm {rC+}
Will     .....                  B - +1 pair of boots
Stlth    ++........             (no amulet)
HPRegen  0.21/turn              (no ring)
MPRegen  0.18/turn              t - +6 ring of dexterity

@: no status effects
A: negative energy resistance 1, electricity resistance, unbreathing,
petrification resistance, miasma immunity, AC +8
a: Renounce Religion


You were on level 12 of the Dungeon.
You worshipped Vehumet.
Vehumet was greatly pleased with you.
You visited 2 branches of the dungeon, and saw 13 of its levels.

You collected 1793 gold pieces.

Inventory:

Hand Weapons
 e - a +3 flail of electrocution (weapon)
 v - a +4 dagger of freezing
 y - a +2 morningstar of holy wrath
Missiles
 b - 119 stones (quivered)
 x - 3 throwing nets
Armour
 c - a +0 robe (worn)
 s - a +3 leather armour of fire resistance
 B - a +1 pair of boots (worn)
 D - the +1 pair of gloves of the Blessed Realm (worn) {rC+}
   (You found it on level 10 of the Dungeon)

   It protects you from cold.
 H - a +2 cloak (worn)
Jewellery
 t - a +6 ring of dexterity (right hand)
Wands
 a - a wand of random effects (25)
 o - a wand of paralysis (21)
 w - a wand of iceblast (11)
 E - a wand of polymorph (5)
 F - a wand of enslavement (7)
 I - a wand of acid (2)
Scrolls
 f - 8 scrolls of teleportation
 h - 4 scrolls of remove curse
 i - 4 scrolls of amnesia
 m - 4 scrolls of magic mapping
Potions
 d - a potion of magic
 g - 3 potions of cancellation
 j - 2 potions of flight
 k - 2 potions of attraction
 l - a potion of invisibility
 n - a potion of heal wounds
 p - 2 potions of lignification
 q - 6 potions of curing
 r - a potion of ambrosia {unknown}
 A - a potion of resistance
 C - a potion of might
 G - a potion of brilliance {unknown}
Miscellaneous
 u - a phantom mirror (inert)
 z - a tin of tremorstones (2/2)


   Skills:
 + Level 6.3 Fighting
 + Level 5.7 Maces & Flails
 - Level 6.0 Armour
 + Level 5.3 Dodging
 - Level 2.1 Stealth
 + Level 7.9 Spellcasting
 + Level 8.9 Conjurations
 - Level 0.7 Transmutations
 + Level 10.6 Earth Magic
 + Level 5.2 Evocations


You had 14 spell levels left.
You knew the following spells:

 Your Spells              Type           Power        Failure   Level
a - Sandblast             Erth           100%         1%          1
b - Stone Arrow           Conj/Erth      98%          1%          3
c - Lee's Rapid Deconstr  Erth           26%          1%          5
d - Mephitic Cloud        Conj/Pois/Air  20%          1%          3

Your spell library contained the following spells:

 Spells                   Type           Power        Failure   Level
 Frozen Ramparts          Ice            16%          7%          3
 Magic Dart               Conj           100%         1%          1
 Passwall                 Tmut/Erth      26%          1%          2
 Conjure Flame            Conj/Fire      27%          1%          3
 Dazzling Flash           Conj/Hex       54%          1%          3
 Ignite Poison            Fire/Tmut/Pois 9%           6%          3
 Sting                    Tmut/Pois      36%          7%          1
 Petrify                  Tmut/Erth      32%          8%          4
 Corona                   Hex            8%           9%          1
 Blink                    Tloc           N/A          12%         2
 Call Imp                 Summ           8%           12%         2
 Ensorcelled Hibernation  Hex/Ice        16%          12%         2
 Poisonous Vapours        Pois/Air       16%          12%         2
 Slow                     Hex            8%           12%         2
 Olgreb's Toxic Radiance  Pois           8%           21%         4
 Confusing Touch          Hex            8%           24%         3
 Tukima's Dance           Hex            8%           24%         3
 Borgnjor's Vile Clutch   Necr/Erth      15%          26%         5
 Animate Dead             Necr           4%           63%         4
 Death Channel            Necr           4%           100%        6
 Simulacrum               Ice/Necr       4%           100%        6


Dungeon Overview and Level Annotations

Branches:
Dungeon (12/15)            Temple (1/1) D:7            Lair (0/6) D:8
    Orc (0/2) D:9

Altars:
Ashenzari
Cheibriados
Dithmenos
Elyvilon
Hepliaklqana
Makhleb
Okawaru
Qazlal
Ru
Sif Muna
Trog
Vehumet
Wu Jian
Xom
Yredelemnul
Zin
The Shining One

Portals:
Trove: D:12 (give +4 storm dragon scales)

Annotations:
D:7 3 runed translucent doors, temitten's ghost, novice NaFi
D:12 Rupert


Innate Abilities, Weirdness & Mutations

You are resistant to torment.
Your stone body is resilient. (AC +8)
You are immune to poison.
You resist negative energy. (rN+)
You are resistant to electric shocks. (rElec)
You can survive without breathing.
You are immune to petrification.
You are immune to miasma.


Message History

The blast of sand hits Rupert!
Rupert is severely wounded.
b - 119 stones Rupert hits you with a +2 great sword of holy wrath!! x2
* * * LOW HITPOINT WARNING * * *
Unknown command.
You feel much better.
Rupert hits you with a +2 great sword of holy wrath!
Okay, then.
Unknown command.
Evoke which item? (* to show all) (? for menu, Esc to quit)
Aiming: Corrosive Bolt
Press: ? - help, Shift-Dir - straight line, f/p - Rupert
Aim: Rupert, wielding a +2 great sword of holy wrath and wearing a +0 scale mail (heavily wounded, berserk, 23% to evade)
The bolt of acid hits Rupert!
Rupert is splashed with acid.
The acid corrodes Rupert!
Rupert is severely wounded.
Rupert hits you with a +2 great sword of holy wrath!!!
Ouch! That really hurt!
You die...

#...## #.#
###...### #.#
#.......#
#.......#
#.).....# ##
###...### .# #...#
.#
##.###########.###
#..@@...........#
#############@#.#
.# @# .# .# .# ##


You could see Rupert (berserk, corroded).

Vanquished Creatures
  A boulder beetle (D:11)
  An ogre mage (D:11)
  Sonja (D:10)
  Urug (D:11)
  A wizard (D:11)
  2 unseen horrors (D:11)
  2 ugly things (D:11)
  Joseph (D:8)
  A hornet (D:10)
  6 slime creatures (D:12)
  2 wyverns
  12 yaks (D:11)
  A wraith (D:11)
  Eustachio (D:5)
  Menkaure (D:5)
  The ghost of rlgrobin the Sneak, an amateur KoDe (D:6)
  Duvessa (D:5)
  2 ice beasts
  3 orc warriors
  3 black bears
  2 phantoms (D:11)
  5 sky beasts
  3 ogres
  6 centaurs
  2 big kobolds
  2 gnoll sergeants
  10 bullfrogs
  Dowan (D:5)
  2 scorpions (D:8)
  6 killer bees
  A howler monkey (D:6)
  A bullfrog zombie (D:7)
  A centaur zombie (D:11)
  6 quasits
  3 bullfrog skeletons
  5 hounds
  4 orc wizards
  6 centaur skeletons
  4 orc priests
  Jessica (D:2)
  6 worker ants
  Natasha (thrice) (D:2)
  4 iguanas
  2 killer bee zombies
  A hound zombie (D:6)
  6 hound skeletons
  3 worker ant zombies (D:4)
  9 gnolls
  17 adders
  3 shadow imps
  3 white imps
  An ooze (D:3)
  An adder zombie (D:4)
  4 worms
  2 adder skeletons (D:4)
  2 dart slugs
  7 leopard geckos
  34 orcs
  3 ball pythons
  4 bats
  5 giant cockroaches
  7 goblins
  11 hobgoblins
  10 jackals
  8 quokkas
  4 frilled lizards
  17 kobolds
  3 leopard gecko zombies
  8 rats
303 creatures vanquished.

Vanquished Creatures (others)
  2 centaurs (D:8)
  An orc wizard (D:8)
  A hound skeleton (D:8)
  An adder (D:8)
  A leopard gecko (D:8)
  4 orcs (D:8)
  2 withered plants (D:4)
12 creatures vanquished.

Grand Total: 315 creatures vanquished

Notes
Turn   | Place    | Note
-------+----------+-------------------------------------------
     0 | D:1      | Kaver the Gargoyle Earth Elementalist began the quest for
                  | the Orb.
     0 | D:1      | Reached XP level 1. HP: 10/10 MP: 3/3
    81 | D:1      | Reached skill level 4 in Earth Magic
    81 | D:1      | Reached XP level 2. HP: 15/15 MP: 5/5
  1201 | D:1      | Reached XP level 3. HP: 19/19 MP: 6/6
  1219 | D:1      | Learned a level 3 spell: Stone Arrow
  1629 | D:2      | Reached skill level 1 in Conjurations
  1629 | D:2      | Reached XP level 4. HP: 24/24 MP: 3/8
  1680 | D:2      | Noticed Jessica
  1684 | D:2      | Killed Jessica
  1745 | D:2      | Noticed Natasha
  1753 | D:2      | Killed Natasha
  1754 | D:2      | Reached skill level 5 in Earth Magic
  1798 | D:2      | Reached XP level 5. HP: 26/28 MP: 6/9
  1840 | D:2      | Noticed Natasha
  1845 | D:2      | Killed Natasha
  2180 | D:2      | Noticed Natasha
  2186 | D:2      | Killed Natasha
  2843 | D:3      | Learned a level 5 spell: Lee's Rapid Deconstruction
  2859 | D:3      | Reached XP level 6. HP: 24/32 MP: 8/11
  2989 | D:3      | Learned a level 3 spell: Mephitic Cloud
  3545 | D:4      | Reached skill level 6 in Earth Magic
  3669 | D:4      | Reached XP level 7. HP: 32/36 MP: 6/13
  4212 | D:4      | Found a shadowy altar of Dithmenos.
  4337 | D:5      | Entered Level 5 of the Dungeon
  4410 | D:5      | Noticed Eustachio
  4479 | D:5      | Killed Eustachio
  4480 | D:5      | Reached skill level 5 in Spellcasting
  4480 | D:5      | Reached skill level 5 in Conjurations
  4480 | D:5      | Reached skill level 7 in Earth Magic
  4480 | D:5      | Reached XP level 8. HP: 32/41 MP: 6/15
  4525 | D:5      | Noticed Duvessa
  4531 | D:5      | Killed Duvessa
  4548 | D:5      | Noticed Dowan
  4555 | D:5      | Killed Dowan
  4723 | D:5      | Noticed Menkaure
  4726 | D:5      | Killed Menkaure
  5191 | D:6      | Found a transporter.
  5546 | D:6      | Found a broken altar of Ashenzari.
  5581 | D:6      | Reached skill level 8 in Earth Magic
  5641 | D:6      | Reached skill level 1 in Armour
  5660 | D:6      | Reached skill level 1 in Fighting
  5660 | D:6      | Reached skill level 1 in Maces & Flails
  5660 | D:6      | Reached skill level 1 in Evocations
  5799 | D:6      | Found a transporter.
  5801 | D:6      | Noticed rlgrobin's ghost (amateur KoDe)
  5877 | D:6      | Reached XP level 9. HP: 37/47 MP: 7/17
  5880 | D:6      | Killed rlgrobin's ghost
  6476 | D:7      | Found a burning altar of Makhleb.
  6484 | D:7      | Found a glowing silver altar of Zin.
  6484 | D:7      | Noticed an angel
  6498 | D:7      | Noticed a balrug
  6696 | D:7      | Found a runed translucent gate.
  6712 | D:7      | Found a runed translucent gate.
  6743 | D:7      | Found a runed translucent gate.
  6907 | D:7      | Noticed temitten's ghost (novice NaFi)
  6920 | D:7      | Found an iron altar of Okawaru.
  6929 | D:7      | Found a shimmering blue altar of Sif Muna.
  7228 | D:7      | Found a staircase to the Ecumenical Temple.
  7233 | Temple   | Entered the Ecumenical Temple
  7271 | Temple   | Became a worshipper of Vehumet
  7417 | D:7      | Found a hazy altar of Hepliaklqana.
  7529 | D:8      | Found a bloodstained altar of Trog.
  7603 | D:8      | Found a shimmering altar of Xom.
  7649 | D:8      | Identified a scroll of acquirement
  7649 | D:8      | Acquired 1039 gold pieces
  8136 | D:8      | Found a stormy altar of Qazlal.
  8136 | D:8      | Found a basalt altar of Yredelemnul.
  8145 | D:8      | Reached * piety under Vehumet
  8145 | D:8      | Offered knowledge of Shock by Vehumet.
  8146 | D:8      | Reached XP level 10. HP: 56/56 MP: 19/19
  8406 | D:8      | Found a staircase to the Lair.
  8475 | D:8      | Noticed Joseph
  8482 | D:8      | Killed Joseph
  8483 | D:8      | Reached skill level 9 in Earth Magic
  8722 | D:9      | Found a snail-covered altar of Cheibriados.
  8728 | D:9      | Found a snail-covered altar of Cheibriados.
  9195 | D:9      | Found a staircase to the Orcish Mines.
  9354 | D:9      | Found an ornate altar of the Wu Jian Council.
  9484 | D:10     | Entered Level 10 of the Dungeon
  9506 | D:10     | Offered knowledge of Foxfire by Vehumet.
  9761 | D:10     | Reached ** piety under Vehumet
 10034 | D:10     | Got a pair of faintly humming gloves
 10037 | D:10     | Noticed Sonja
 10048 | D:10     | Identified the +1 pair of gloves of the Blessed Realm {rC+}
                  | (You found it on level 10 of the Dungeon)
 10058 | D:10     | Killed Sonja
 10389 | D:11     | Offered knowledge of Static Discharge by Vehumet.
 10428 | D:11     | Reached XP level 11. HP: 62/62 MP: 14/21
 10431 | D:11     | Reached skill level 5 in Armour
 10433 | D:11     | Reached skill level 5 in Fighting
 10603 | D:11     | Reached *** piety under Vehumet
 10802 | D:11     | Noticed Urug
 10808 | D:11     | Noticed a boulder beetle
 10815 | D:11     | Killed Urug
 10827 | D:11     | Killed a boulder beetle
 10828 | D:11     | Reached skill level 10 in Earth Magic
 11020 | D:11     | Noticed a cyan ugly thing
 11024 | D:11     | Killed a cyan ugly thing
 11025 | D:11     | Reached skill level 5 in Maces & Flails
 11639 | D:11     | Offered knowledge of Frozen Ramparts by Vehumet.
 11781 | D:11     | Killed an unseen horror
 11978 | D:11     | Noticed an ogre mage
 11978 | D:11     | Noticed a wizard
 11979 | D:11     | Noticed a green ugly thing
 11984 | D:11     | Killed a green ugly thing
 12005 | D:11     | Killed an ogre mage
 12005 | D:11     | Killed an unseen horror
 12006 | D:11     | Reached skill level 5 in Dodging
 12024 | D:11     | Killed a wizard
 12025 | D:11     | Reached skill level 5 in Evocations
 12025 | D:11     | Reached XP level 12. HP: 28/70 MP: 4/23
 12270 | D:11     | Got a smoking quarterstaff
 12271 | D:11     | Identified the cursed +1 quarterstaff of Dominance {elec,
                  | Will+ MP-9 Int+4 Stlth+} (You found it on level 11 of the
                  | Dungeon)
 12462 | D:12     | Found a portal to a secret trove of treasure.
 12609 | D:12     | Reached **** piety under Vehumet
 12711 | D:12     | Noticed Rupert
 12741 | D:12     | Mangled by Rupert

Illustrated notes

Levels and vault maps discovered:
D:1:      mainiacjoe_arrival_reflecting_pool, layout_rooms,
          grunt_decor_junction, chequers_serial_rivers_micro_a
D:2:      layout_basic, uniq_natasha, uniq_jessica
D:3:      layout_rooms
D:4:      layout_rooms, grunt_dithmenos_smoke, serial_undead, serial_undead_c,
          serial_undead_d, serial_undead_a, serial_undead_e
D:5:      layout_basic, uniq_menkaure, uniq_duvessa, uniq_eustachio
D:6:      layout_rooms, general_overflow_altar, gammafunk_ghost_stat_death
D:7:      layout_basic, grunt_temple_overflow_order_and_chaos_2,
          gammafunk_temple_overflow_wave, nzn_hepliaklqana_mist_gate,
          temple_doors_ab, gammafunk_ghost_necromancy, minmay_holes
D:8:      layout_basic, gammafunk_temple_overflow_pools, xom_confusion_cloud,
          trog_ov_bears_minmay, lair_entry_dummy, minmay_manual_moon,
          uniq_joseph
D:9:      layout_small_grid, nzn_wu_jian_council_hall, orc_0_dummy, basic_altar,
          cheibriados_altar_1
D:10:     layout_big_octagon, uniq_sonja
D:11:     minmay_the_grid_triangle_9x9_rhombus_thin_mashed
          [minmay_the_grid_triangle_9x9_corruption,
          minmay_the_grid_triangle_9x9_prize_top_heavy,
          minmay_the_grid_triangle_9x9_from_above,
          minmay_the_grid_triangle_9x9_intruding_spiral], layout_gridville,
          uniq_urug
D:12:     kennysheep_ambush_hall, layout_loops_ring, enter_trove_0,
          small_statue_alley_a, uniq_jorgrun, uniq_nessos, uniq_rupert
Temple:   jpeg_temple_alley_garden

Skill      XL: |  1  2  3  4  5  6  7  8  9 10 11 |
---------------+----------------------------------+-----
Earth Magic    | 4 5 6 7 8 9 10 | 10.6
Conjurations   | 1 2 3 5 6 7 8 |  8.9
Spellcasting   | 3 4 5 6 7 |  7.9
Armour         | 1 3 4 6 |  6.0
Fighting       | 1 3 4 6 |  6.3
Maces & Flails | 1 3 4 5 |  5.7
Dodging        | 2 3 4 5 |  5.3
Evocations     | 1 2 3 5 |  5.2
Stealth        | |  2.1
Transmutations | |  0.7

Action                   |  1- 3 |  4- 6 |  7- 9 | 10-12 || total
-------------------------+-------+-------+-------+-------++-------
Melee: Dagger            |   138 |    97 |   310 |   120 ||   665
       Club              |     8 |       |       |       ||     8
       Flail             |       |       |       |    28 ||    28
 Cast: Sandblast         |    21 |    69 |    95 |   123 ||   308
       Lee's Rapid Decon |       |       |     4 |    32 ||    36
       Stone Arrow       |       |       |     2 |     3 ||     5
       Mephitic Cloud    |       |       |       |     2 ||     2
Evoke: Wand              |       |       |       |    15 ||    15
       Phantom mirror    |       |       |       |     1 ||     1
  Use: Scroll            |       |     9 |    14 |     7 ||    30
       Potion            |       |       |       |     3 ||     3
 Stab: Sleeping          |       |       |     5 |     4 ||     9
Armor: Robe              |    37 |    65 |   148 |   127 ||   377
Dodge: Dodged            |   108 |    80 |   236 |   175 ||   599

Table legend: (Time is in decaauts)
 A = Elapsed time spent in this place.
 B = Non-inter-level travel time spent in this place.
 C = Inter-level travel time spent in this place.
 D = Time resting spent in this place.
 E = Time spent auto-exploring this place.
 F = Levels seen in this place.
 G = Mean time per level.
                   A        B        C        D        E       F      G
               +--------+--------+--------+--------+--------+-----+--------+
         Total |  12749 |  12447 |    302 |   2011 |   7655 |  13 |  980.7 |
       Dungeon |  12686 |  12409 |    277 |   2011 |   7626 |  12 | 1057.2 |
        Temple |     63 |     38 |     25 |      0 |     29 |   1 |   63.0 |
               +--------+--------+--------+--------+--------+-----+--------+

Top non-repeatable levels by time:
    D:11: 1849 daAuts
     D:2: 1396 daAuts
     D:1: 1364 daAuts
     D:7: 1331 daAuts
     D:8: 1196 daAuts
     D:4: 987 daAuts
     D:9: 931 daAuts
     D:6: 931 daAuts
    D:10: 872 daAuts
     D:5: 850 daAuts
     D:3: 590 daAuts
    D:12: 383 daAuts
  Temple: 63 daAuts
